 Dungeon Crawl Stone Soup version 0.23.2-1-ga50397a6bc (webtiles) character file.

Game seed: 12647429118871643365

736 Norn the Conjurer (level 7, -2/47 HPs)
             Began as an Octopode Wizard on May 4, 2019.
             Was an Initiate of Sif Muna.
             Slain by a centaur (9 damage)
             ... on level 6 of the Dungeon.
             The game lasted 00:12:47 (7614 turns).

Norn the Conjurer (Octopode Wizard)                 Turns: 7614, Time: 00:12:47

Health: -2/47      AC:  1    Str:  7    XL:     7   Next: 74%
Magic:  0/11       EV: 14    Int: 22    God:    Sif Muna [......]
Gold:   199        SH:  0    Dex: 10    Spells: 6/12 levels left

rFire    . . .     SeeInvis +   A - +2 short sword (venom)
rCold    . . .     Gourm    .   (no shield)
rNeg     . . .     Faith    .   a - +0 hat
rPois    .         Spirit   +   s - amulet of guardian spirit
rElec    .         Reflect  .   z - ring of see invisible
rCorr    .         Harm     .   (no ring)
MR       .....                  (no ring)
Stlth    +++.......             (no ring)
HPRegen  0.15/turn              (no ring)
MPRegen  0.12/turn              (no ring)
                                (no ring)
                                (no ring)

@: no status effects
A: almost no armour, stealthy swim, amphibious, 8 rings, constrict 8, camouflage
1, gelatinous body 1
a: Renounce Religion


You were on level 6 of the Dungeon.
You worshipped Sif Muna.
Sif Muna was noncommittal.
You were near starving.

You visited 2 branches of the dungeon, and saw 7 of its levels.

You collected 278 gold pieces.
You spent 79 gold pieces at shops.

Inventory:

Hand Weapons
 A - a +2 short sword of venom (weapon)
   (You took it off an orc on level 6 of the Dungeon)
Armour
 a - a +0 hat (worn)
 w - a +0 buckler
   (You bought it in a shop on level 5 of the Dungeon)
Jewellery
 s - an amulet of guardian spirit (around mantle)
   (You found it on level 4 of the Dungeon)
 z - a ring of see invisible (left tentacle)
   (You found it on level 4 of the Dungeon)
Wands
 q - a wand of scattershot (5)
   (You found it on level 3 of the Dungeon)
 u - a wand of random effects (13)
   (You found it on level 5 of the Dungeon)
Scrolls
 c - 4 scrolls of identify {@r1}
 d - 7 scrolls of remove curse {@r2}
 g - 5 scrolls of fog
 h - a scroll of noise {unknown}
 i - 2 scrolls of enchant weapon
 k - 2 scrolls of teleportation {@r4}
 m - a scroll of random uselessness {unknown}
 y - a scroll of enchant armour {unknown}
Potions
 b - a potion of degeneration {unknown}
 f - a potion of might {unknown}
 j - 2 potions of agility {unknown}
 l - a potion of brilliance {unknown}
 n - a potion of cancellation
 o - a potion of mutation {unknown}
 p - a potion of lignification {unknown}
 r - a potion of curing {unknown}
 t - a potion of flight {unknown}
 v - a potion of haste {unknown}
 x - a potion of heal wounds {unknown}
Comestibles
 e - 15 rations {!d}


   Skills:
 + Level 3.9 Fighting
 - Level 4.0 Dodging
 - Level 2.6 Stealth
 + Level 1.7 Shields
 + Level 3.1 Spellcasting
 - Level 4.0 Conjurations
 - Level 4.0 Summonings
   Level 1.0 Translocations


You had 6 spell levels left.
You knew the following spells:

 Your Spells              Type           Power        Failure   Level  Hunger
a - Magic Dart            Conj           ###.         2%          1    None
f - Mephitic Cloud        Conj/Pois/Air  #.......     22%         3    ###....
x - Call Imp              Summ           ###.....     3%          2    ##.....

Your spell library contained the following spells:

 Spells                   Type           Power        Failure   Level  Hunger
 Blink                    Tloc           N/A          12%         2    ##.....
 Conjure Flame            Conj/Fire      ##......     16%         3    ###....
 Slow                     Hex            #.......     19%         2    ##.....


Dungeon Overview and Level Annotations

Branches:
Dungeon (6/15)             Temple (1/1) D:4

Altars:
Ashenzari
Cheibriados
Fedhas
Gozag
Hepliaklqana
Kikubaaqudgha
Makhleb
Okawaru
Qazlal
Sif Muna
Trog
Uskayaw
Vehumet
Wu Jian
Xom
Zin

Shops:
D:4 *   D:5 *


Innate Abilities, Weirdness & Mutations

You cannot wear most types of armour.
You are very stealthy in the water. (Stealth+)
You are amphibious.
You can wear up to eight rings at the same time.
You can use your tentacles to constrict eight enemies at once.
Your skin changes colour to match your surroundings (Stealth+).
Your rubbery body absorbs attacks. (AC +1, EV +1)


Message History

Your white imp dies!
A metallic apparition takes form in the air.
The iguana bites your iron imp but does no damage.
Something bites your iron imp!
Your iron imp closely misses the iguana.
The iguana barely misses your iron imp.
Your iron imp hits the iguana.
The iguana closely misses your iron imp.
Your iron imp barely misses the iguana.
The iguana bites your iron imp but does no damage.
The iguana bites your iron imp!
Your iron imp dies!
Aim: an iguana (heavily wounded)
The magic dart hits the iguana.
A centaur comes into view.
Aim: an iguana (severely wounded)
The magic dart hits the iguana but does no damage.
The centaur shouts!
The centaur wields a +0 shortbow.
The centaur shoots an arrow.
The arrow misses you.
Aim: an iguana (severely wounded)
The magic dart hits the iguana.
The centaur shoots an arrow.
The arrow misses you. The iguana bites you!
Aim: an iguana (severely wounded)
The magic dart hits the iguana.
The centaur shoots an arrow.
The arrow hits you! The iguana barely misses you.
A beastly little devil appears in a puff of frigid air.
The centaur shoots an arrow.
The arrow closely misses your white imp.
The arrow hits you!
* * * LOW HITPOINT WARNING * * *
The iguana misses you.
The centaur shoots an arrow.
The arrow barely misses your white imp. The arrow misses you.
You hit the iguana.
You kill the iguana!
Sif Muna accepts your kill.
The centaur shoots an arrow.
The arrow hits your white imp!
Your white imp dies!
The centaur unwields a +0 shortbow.
The centaur hits you.
* * * LOW HITPOINT WARNING * * *
You see here 3 arrows.
Okay, then.
You don't know that spell.
A beastly little devil appears in a puff of flame.
The centaur hits you!
* * * LOW HITPOINT WARNING * * *
The centaur barely misses you.
It was a potion of cancellation.
You feel magically purged. The centaur hits you!
You die...

## #........#.# .#
#.#.###..#.# .##
#.#.#....#[#
..####.#.#....#.#
................#
.#####..#######.# .#
#..# #.# .### #..#
#.######## ...# #..#
#.@(5....# .#.# #..#
#c######.# ##.###..# #.#
#.# ........#######.#
#.. ##..###.........##
#.## #..###.##.......##
#..
##...##.#......<..####..
........'.........'.....
##....#.#.........####.


You could see a centaur and a friendly crimson imp.

Vanquished Creatures
  An orc warrior (D:6)
  An ogre (D:4)
  A howler monkey (D:5)
  A hound (D:6)
  A jelly (D:5)
  2 orc wizards (D:6)
  2 bullfrog skeletons
  An iguana (D:6)
  A worker ant (D:4)
  3 adders
  An ooze (D:4)
  4 dart slugs
  2 leopard geckos
  7 orcs (D:6)
  2 ball pythons
  3 giant cockroaches
  3 goblins
  10 hobgoblins
  9 bats
  3 frilled lizards
  6 kobolds
  A quokka zombie (D:5)
  3 rats
68 creatures vanquished.

Vanquished Creatures (collateral kills)
  A hungry ghost (D:3)
  A centaur (D:6)
  An ogre (D:5)
  A howler monkey (D:6)
  A bullfrog zombie (D:6)
  A crimson imp (D:6)
  An orc priest (D:6)
  An orc wizard (D:6)
  A shadow imp (D:6)
  A worm (D:3)
  3 orcs (D:6)
13 creatures vanquished.

Grand Total: 81 creatures vanquished

Notes
Turn   | Place    | Note
-------+----------+-------------------------------------------
     0 | D:1      | Norn the Octopode Wizard began the quest for the Orb.
     0 | D:1      | Reached XP level 1. HP: 11/11 MP: 4/4
   732 | D:1      | Reached XP level 2. HP: 18/18 MP: 3/6
  1104 | D:1      | Learned a level 2 spell: Call Imp
  1114 | D:1      | Reached skill level 1 in Fighting
  1136 | D:1      | Reached XP level 3. HP: 14/23 MP: 0/7
  2623 | D:3      | Noticed a hungry ghost
  2716 | D:3      | Killed a hungry ghost
  2716 | D:3      | Reached XP level 4. HP: 17/29 MP: 1/8
  2716 | D:3      | Reached XP level 5. HP: 20/34 MP: 1/9
  3420 | D:3      | Found a snail-covered altar of Cheibriados.
  3541 | D:4      | Found a staircase to the Ecumenical Temple.
  3637 | Temple   | Entered the Ecumenical Temple
  4013 | D:4      | Found a deep blue altar of Sif Muna.
  4063 | D:4      | Became a worshipper of Sif Muna the Loreminder
  4501 | D:4      | Noticed an ogre
  4513 | D:4      | Killed an ogre
  4656 | D:4      | Found a radiant altar of Vehumet.
  4659 | D:4      | Found Toeck's General Store.
  4667 | D:4      | Bought a scroll of teleportation for 30 gold pieces
  4695 | D:4      | Found a burning altar of Makhleb.
  4870 | D:5      | Entered Level 5 of the Dungeon
  4926 | D:5      | Noticed an ogre
  4940 | D:5      | Killed an ogre
  4940 | D:5      | Reached XP level 6. HP: 41/41 MP: 0/10
  5728 | D:5      | Found Turricvu's General Store.
  5735 | D:5      | Bought a +0 buckler for 49 gold pieces
  5828 | D:6      | Found an ornate altar of the Wu Jian Council.
  6226 | D:6      | Reached XP level 7. HP: 8/46 MP: 1/11
  6556 | D:6      | Learned a level 3 spell: Mephitic Cloud
  6968 | D:6      | Reached skill level 1 in Shields
  7179 | D:6      | Found a shattered altar of Ashenzari.
  7217 | D:6      | Found an iron altar of Okawaru.
  7614 | D:6      | Slain by a centaur

Skill      XL: |  1  2  3  4  5  6  7 |
---------------+----------------------+-----
Conjurations   | 2 3 4 |  4.0
Fighting       | 1 2 3 |  3.9
Dodging        | 3 4 |  4.0
Summonings     | 3 4 |  4.0
Shields        | 1 |  1.7
Stealth        | |  2.6
Spellcasting   | |  3.1
Translocations | |  1.0

Action                   |  1- 3 |  4- 6 |  7- 9 || total
-------------------------+-------+-------+-------++-------
Melee: Unarmed           |    17 |    12 |       ||    29
       Constrict         |     4 |     3 |     5 ||    12
       Tentacles         |     2 |     4 |     3 ||     9
       Short sword       |       |       |    16 ||    16
 Cast: Magic Dart        |    96 |    73 |    35 ||   204
       Call Imp          |     9 |    17 |    21 ||    47
Evoke: Wand              |       |     1 |       ||     1
  Use: Scroll            |       |     5 |       ||     5
       Potion            |       |       |     1 ||     1
  Eat: Chunk             |     7 |     9 |     3 ||    19
       Ration            |       |     1 |       ||     1
Armor: Skin              |     8 |     1 |       ||     9
Dodge: Dodged            |    18 |    19 |    22 ||    59
